 Dungeon Crawl Stone Soup version 0.21-a0-2-ge494091 (webtiles) character file.

182 Blackbelt the Cudgeler (level 5, -6/38 HPs)
             Began as a Demonspawn Gladiator on May 20, 2017.
             Was an Initiate of Gozag.
             Killed by divine providence
             ... invoked by an orc priest
              (9 damage)
             ... on level 4 of the Dungeon.
             The game lasted 00:08:06 (3281 turns).

Blackbelt the Cudgeler (Demonspawn Gladiator)       Turns: 3281, Time: 00:08:07

Health: -6/38      AC: 11    Str: 15    XL:     5   Next: 34%
Magic:  5/5        EV: 11    Int:  9    God:    Gozag
Gold:   97         SH:  0    Dex: 15    Spells: 4/4 levels left

rFire    . . .     SeeInvis .   a - +0 flail
rCold    . . .     Gourm    .   (no shield)
rNeg     . . .     Faith    .   n - +0 ring mail
rPois    +         Spirit   .   c - +0 helmet
rElec    .         Reflect  .   (no cloak)
rCorr    .         Harm     .   (no gloves)
MR       .....                  (no boots)
Stlth    +.........             (no amulet)
Regen    0.2/turn               h - +5 ring of protection
MPRegen  0.1/turn               x - ring of poison resistance

@: gold aura, drained
A: demonic guardian 1, powered by pain 1
a: Potion Petition, Call Merchant, Bribe Branch, Renounce Religion


You were on level 4 of the Dungeon.
You worshipped Gozag.
Gozag was noncommittal.
You were hungry.

You visited 2 branches of the dungeon, and saw 5 of its levels.

You collected 141 gold pieces.
You paid 44 gold pieces to Gozag.

Inventory:

Hand Weapons
 a - a +0 flail (weapon)
Missiles
 d - 3 throwing nets (quivered)
Armour
 b - a +0 leather armour
 c - a +0 helmet (worn)
 n - a +0 ring mail (worn)
Jewellery
 h - a +5 ring of protection (left hand)
 x - a ring of poison resistance (right hand)
Scrolls
 e - 4 scrolls of remove curse {unknown}
 i - a scroll of immolation {unknown}
 k - a scroll of fear {unknown}
 o - 3 scrolls of magic mapping {unknown}
 s - a scroll of enchant armour {unknown}
 t - a scroll of recharging {unknown}
 u - a scroll of amnesia {unknown}
 v - a scroll of teleportation {unknown}
 w - a scroll of blinking {unknown}
 y - 4 scrolls of identify {unknown}
Potions
 j - a potion of lignification {unknown}
 l - a potion of haste {unknown}
 p - a potion of berserk rage {unknown}
 q - 2 potions of curing {unknown}
 r - 2 potions of heal wounds {unknown}
Comestibles
 f - 2 bread rations
 g - 2 royal jellies
 m - a meat ration


   Skills:
 - Level 2.0(1.4) Fighting
 + Level 5.5(4.9) Maces & Flails
 - Level 1.7(1.2) Throwing
 - Level 2.6(2.1) Dodging


You had 4 spell levels left.
You didn't know any spells.

Dungeon Overview and Level Annotations

Branches:
Dungeon (4/15)             Temple (1/1) D:4

Altars:
Ashenzari
Cheibriados
Dithmenos
Fedhas
Gozag
Hepliaklqana
Kikubaaqudgha
Makhleb
Nemelex Xobeh
Okawaru
Qazlal
Ru
Sif Muna
Trog
Uskayaw
Vehumet
Wu Jian
Yredelemnul
The Shining One

Annotations:
D:3 emsyzz's ghost, amateur DEFE
D:4 Ijyb


Innate Abilities, Weirdness & Mutations

A weak demonic guardian rushes to your aid.
You sometimes gain a little power by taking damage.


Message History

You feel drained.
* * * LOW HITPOINT WARNING * * *
Your white imp barely misses the wight.
The wight is distracted by the nearby gold.
The wight misses you.
Your quasit bites the wight but does no damage.
Your quasit claws the wight but does no damage.
Your quasit barely misses the wight.
The wight hits you with an enchanted scimitar.
* * * LOW HITPOINT WARNING * * *
Your ufetubus hits the wight but does no damage. x2
Your white imp completely misses the wight.
The wight closely misses your quasit.
Your quasit barely misses the wight.
Your quasit claws the wight.
Your quasit closely misses the wight.
Your ufetubus hits the wight but does no damage.
Your ufetubus hits the wight.
The orc priest calls down the wrath of Beogh upon you.
Beogh smites you!
You die...
Your body crumbles into a pile of gold.

####.#.#.......###.# #...#######
# #.#.###.(.......# #.......... #
#...........###'####....##..(. #
#...##......##..........##.### #
#.####..#.#..#..........+.....
####....#....#.............##.##.
.............#...#'##########.##.
.............#)..#.# #.##.
))..........[((#@..# #.##.
)..#.........#)#.55# #.##.
)..#.........#<##z5# #....
........(....####zz# ...#####.
........###### #zz# .........
#.#.#...# #{o# .#.######
........# #go# ....#...# .....
........# ......#


You could see Ijyb, 5 wights, an orc priest, an orc, a friendly quasit, a
friendly white imp and a friendly ufetubus.

Vanquished Creatures
  An orc priest (D:4)
  2 adders
  An ooze (D:1)
  A worm (D:2)
  6 leopard geckos
  12 orcs
  7 giant cockroaches
  6 goblins (D:1)
  5 hobgoblins
  7 jackals
  A quokka (D:3)
  2 ball pythons
  8 bats
  2 frilled lizards (D:2)
  8 kobolds
  9 rats
78 creatures vanquished.

Vanquished Creatures (collateral kills)
  A scorpion (D:4)
  A dart slug (D:3)
  An orc (D:4)
3 creatures vanquished.

Grand Total: 81 creatures vanquished

Notes
Turn   | Place    | Note
-------+----------+-------------------------------------------
     0 | D:1      | Blackbelt the Demonspawn Gladiator began the quest for the Orb.
     0 | D:1      | Reached XP level 1. HP: 16/16 MP: 1/1
   194 | D:1      | Reached skill level 3 in Maces & Flails
   217 | D:1      | Gained mutation: A weak demonic guardian rushes to your aid. [demonic ancestry]
   217 | D:1      | Reached XP level 2. HP: 19/22 MP: 2/2
   892 | D:1      | Gained mutation: You sometimes gain a little power by taking damage. [demonic ancestry]
   892 | D:1      | Reached XP level 3. HP: 26/27 MP: 3/3
  1032 | D:2      | Reached skill level 4 in Maces & Flails
  1561 | D:2      | Reached XP level 4. HP: 33/33 MP: 4/4
  1830 | D:3      | Noticed emsyzz's ghost (amateur DEFE)
  2744 | D:3      | Reached skill level 5 in Maces & Flails
  2758 | D:4      | Reached XP level 5. HP: 34/38 MP: 5/5
  2789 | D:4      | Found a staircase to the Ecumenical Temple.
  2816 | Temple   | Entered the Ecumenical Temple
  3058 | Temple   | Became a worshipper of Gozag Ym Sagoz the Greedy
  3259 | D:4      | Found a shadowy altar of Dithmenos.
  3271 | D:4      | Noticed Ijyb
  3281 | D:4      | Killed from afar by an orc priest

Vault maps used:
D:1:      minmay_arrival_diagonal_passages, minmay_surrounded
D:4:      overflow_temple_1_default, minmay_temple_entry_glass, first_bread,
          minmay_misc_feat_columns, uniq_ijyb
Temple:   dpeg_five_rooms_temple

Skill      XL: |  1  2  3  4 |
---------------+-------------+-----
Maces & Flails | 3 4 5 |  5.5
Fighting       | |  2.0
Throwing       | |  1.7
Dodging        | |  2.6

Action                   |  1- 3 |  4- 6 || total
-------------------------+-------+-------++-------
Melee: Flail             |   134 |   122 ||   256
 Stab: Sleeping          |     1 |       ||     1
  Eat: Chunk             |     1 |     6 ||     7
Armor: Leather armour    |    59 |     1 ||    60
       Ring mail         |       |    85 ||    85
Dodge: Dodged            |    91 |   149 ||   240
